 Dungeon Crawl Stone Soup version 0.24.0-13-gcf9b319 (webtiles) character file.

Game seed: 15212230273072062536, levelgen mode: deterministic

12 Dietz the Scratcher (level 2, 0/12 HPs)
             Began as a Felid Transmuter on Nov 26, 2019.
             Succumbed to a worker ant's poison
             ... on level 2 of the Dungeon.
             The game lasted 00:01:21 (418 turns).

Dietz the Scratcher (Felid Transmuter)               Turns: 418, Time: 00:01:22

Health: 0/12       AC:  1    Str:  6    XL:     2   Next: 20%
Magic:  6/6        EV: 18    Int: 14    God:
Gold:   40         SH:  0    Dex: 16    Spells: 2/5 levels left
                                        Lives:  0   Deaths: 0

rFire    . . .     SeeInvis +     - Unarmed
rCold    . . .     Gourm    .   (shield unavailable)
rNeg     . . .     Faith    .   (armour unavailable)
rPois    .         Spirit   .   (helmet unavailable)
rElec    .         Reflect  .   (cloak unavailable)
rCorr    .         Harm     .   (gloves unavailable)
MR       .....                  (boots unavailable)
Stlth    ++........             (no amulet)
HPRegen  0.04/turn              (no ring)
MPRegen  0.10/turn              (no ring)

@: lethally poisoned (0 -> -8), appendage (expiring), very slightly
contaminated, quick
A: very small, no armour, no weapons or thrown items, stealth, claws 1, fangs 3,
horns 2, see invisible, carnivore, speed 1, shaggy fur 1, slow metabolism 1,
sharp paws
a: End Transformation


You were on level 2 of the Dungeon.
You were not hungry.
You had grown temporary horns.
You visited 1 branch of the dungeon, and saw 2 of its levels.

You collected 40 gold pieces.

Inventory:

Missiles
 a - 10 arrows
Scrolls
 b - a scroll of magic mapping {unknown}
 d - a scroll of remove curse {unknown}
 f - 3 scrolls of immolation {unknown}
 h - a scroll of teleportation {unknown}
 i - a scroll of identify {unknown}
Potions
 g - a potion of curing {unknown}
Comestibles
 c - 3 rations


   Skills:
 - Level 1.0 Fighting
 - Level 2.6 Dodging
 + Level 3.7 Unarmed Combat
 - Level 2.0 Spellcasting
 - Level 2.1 Transmutations


You had 2 spell levels left.
You knew the following spells:

 Your Spells              Type           Power        Failure   Level  Hunger
a - Beastly Appendage     Tmut           #.....       10%         1    ##.....
b - Sticks to Snakes      Tmut           #.......     14%         2    ###....

Your spell library contained the following spells:

 Spells                   Type           Power        Failure   Level  Hunger
 Spider Form              Tmut/Pois      #.........   41%         3    ####...
 Ice Form                 Ice/Tmut       #.......     83%         4    #####..
 Blade Hands              Tmut           #.........   95%         5    ######.


Dungeon Overview and Level Annotations

Branches:
Dungeon (2/15)

Altars:


Innate Abilities, Weirdness & Mutations

You cannot wear armour.
You are incapable of wielding weapons or throwing items.
Your paws allow you to move quietly. (Stealth)
You have sharp claws.
You have razor-sharp teeth.
You have supernaturally acute eyesight. (SInv)
You are carnivorous and can eat meat at any time.
You cover ground quickly.
You are covered in fur. (AC +1)
You have a slow metabolism.
Your sharp claws are effective at attacking unaware monsters.
You have a pair of horns on your head.


Message History

Anything else - Cancel.
Gang up on whom?
Press: ? - help, Dir - move target cursor, f - worker ant
Aim: a worker ant (moderately wounded) Attack!
You swap places.
Your adder bites the worker ant but does no damage.
The worker ant barely misses your adder.
Your adder barely misses the worker ant.
Your adder closely misses the worker ant.
You barely miss the worker ant.
The worker ant is moderately wounded.
The worker ant bites you.
Ouch! That really hurt!
* * * LOW HITPOINT WARNING * * *
You are lethally poisoned!
The worker ant poisons you!
Your adder bites the worker ant but does no damage.
It was a potion of magic.
Magic courses through your body.
You die...

#.#..# #
#.#..#####
#..###.........
#.........#####
.#.###..#.#
b.........#
.#........##
#####...Sa#######
#....@.......
#.#...#######
#.##.## #. #.# #.
#.# #.# ... #..
###


You could see a worker ant and a friendly adder.

Vanquished Creatures
  A giant cockroach (D:1)
  3 goblins (D:1)
  2 hobgoblins (D:1)
  2 kobolds (D:1)
  3 rats (D:1)
11 creatures vanquished.

Notes
Turn   | Place    | Note
-------+----------+-------------------------------------------
     0 | D:1      | Dietz the Felid Transmuter began the quest for the Orb.
     0 | D:1      | Reached XP level 1. HP: 9/9 MP: 4/4
   193 | D:1      | Reached XP level 2. HP: 8/12 MP: 6/6
   197 | D:1      | Learned a level 2 spell: Sticks to Snakes
   332 | D:1      | You fall into a shaft and drop 1 floor!
   397 | D:1      | You fall into a shaft and drop 1 floor!
   418 | D:2      | Succumbed to a worker ant's poison

Levels and vault maps discovered:
D:1:      dpeg_arrival_tiny_h, layout_loops_ring, minmay_box_of_dots
D:2:      layout_loops_ring

Action                   || total
-------------------------++-------
Melee: Unarmed           ||    35
       Bite              ||     4
       Headbutt          ||     4
 Cast: Beastly Appendage ||     6
       Sticks to Snakes  ||     2
  Use: Potion            ||     1
 Stab: Sleeping          ||     2
  Eat: Chunk             ||     2
Armor: Skin              ||     1
Dodge: Dodged            ||    27
